 Dungeon Crawl Stone Soup version 0.20-a0-1116-gaa52201 (webtiles) character file.

7997 namelastname112 the Martial Artist (level 11, -10/101 HPs)
             Began as a Black Draconian Monk on May 7, 2017.
             Was an Elder of Wu Jian.
             Mangled by a two-headed ogre
             ... wielding a +0 giant club
              (24 damage)
             ... on level 11 of the Dungeon.
             The game lasted 00:18:53 (9691 turns).

namelastname112 the Martial Artist (DrMo)           Turns: 9691, Time: 00:18:54

Health: -10/101    AC: 10    Str: 12    XL:     11   Next: 4%
Magic:  11/11      EV: 18    Int: 24    God:    Wu Jian [****..]
Gold:   201        SH:  0    Dex: 15    Spells: 10/10 levels left

rFire    . . .     SeeInvis .     - Unarmed
rCold    + + .     Gourm    .   (no shield)
rNeg     + . .     Faith    .   (armour unavailable)
rPois    .         Spirit   .   (helmet restricted)
rElec    +         Reflect  .   (no cloak)
rCorr    .         Harm     .   y - +2 pair of gloves "Wacib" {Regen+ Int+3 Dex-4}
MR       .....                  (no boots)
Stlth    +++.......             d - amulet of rage
Regen    0.7/turn               O - ring of Untruth {rN+ Int+6 Dex+3}
MPRegen  0.2/turn               s - ring "Tojavyuxt" {Wiz rC+ Stlth+}

@: short of breath
A: breathe lightning, unfitting armour, horns 1, talons 1, blurry vision 2,
clever 2, cold resistance 1, screaming 1, electricity resistance, weak 1,
cold-blooded, MP-powered wands, AC +7
a: Breathe Lightning, Serpent's Lash, Renounce Religion, Evoke Berserk Rage


You were on level 11 of the Dungeon.
You worshipped Wu Jian.
Wu Jian was greatly pleased with you.
You were very hungry.

You visited 2 branches of the dungeon, and saw 12 of its levels.

You collected 447 gold pieces.
You spent 246 gold pieces at shops.

Inventory:

Armour
 y - the +2 pair of gloves "Wacib" (worn) {Regen+ Int+3 Dex-4}
   (You bought it in a shop on level 4 of the Dungeon)

   It affects your intelligence (+3).
   It affects your dexterity (-4).
   It increases your rate of regeneration.
Jewellery
 d - an amulet of rage (around neck)
 f - an uncursed ring of magical power
 m - an uncursed ring of protection from fire
 s - the ring "Tojavyuxt" (right hand) {Wiz rC+ Stlth+}
   (You found it on level 8 of the Dungeon)

   [ring of wizardry]

   It improves your spell success rate.
   It protects you from cold.
   It makes you more stealthy.
 B - an uncursed ring of protection from cold
 J - an uncursed amulet of magic regeneration
 O - the ring of Untruth (left hand) {rN+ Int+6 Dex+3}
   (You found it on level 9 of the Dungeon)

   [ring of positive energy]

   It affects your intelligence (+6).
   It affects your dexterity (+3).
   It protects you from negative energy.
Wands
 h - a wand of digging (0/24)
 k - a wand of disintegration (9/24)
 p - a wand of iceblast (11/15)
 q - a wand of polymorph (10/24)
 r - a wand of polymorph (11/24)
 v - a wand of iceblast (4/15)
 w - a wand of flame (34/48)
 E - a wand of paralysis (12/24)
 H - a wand of paralysis (7/24)
 P - a wand of clouds (3/9)
Scrolls
 b - 8 scrolls of remove curse
 c - 11 scrolls of teleportation
 e - 4 scrolls of fog
 l - 4 scrolls of enchant armour
 A - a scroll of fear
 N - a scroll of enchant weapon
Potions
 g - a potion of berserk rage
 i - 2 potions of lignification
 n - 4 potions of curing
 o - 2 potions of invisibility
 t - a potion of haste
 u - 2 potions of flight
 x - 2 potions of ambrosia
 C - a potion of cancellation
 D - a potion of brilliance
 G - 2 potions of agility
 L - a potion of might
 M - a potion of heal wounds {unknown}
 Q - a potion of magic {unknown}
Books
 F - a book of Flames

   Spells                             Type                      Level
   a - Flame Tongue                   Conjuration/Fire             1
   b - Throw Flame                    Conjuration/Fire             2
   c - Conjure Flame                  Conjuration/Fire             3
   d - Inner Flame                    Hexes/Fire                   3
   e - Sticky Flame                   Conjuration/Fire             4
   f - Fireball                       Conjuration/Fire             5
 I - a book of Frost

   Spells                             Type                      Level
   a - Freeze                         Ice                          1
   b - Throw Frost                    Conjuration/Ice              2
   c - Ozocubu's Armour               Charms/Ice                   3
   d - Throw Icicle                   Conjuration/Ice              4
   e - Summon Ice Beast               Ice/Summoning                4
Comestibles
 a - 9 bread rations
 j - 4 meat rations
 z - 12 fruits
 K - a royal jelly


   Skills:
 + Level 10.3 Fighting
 + Level 8.8 Dodging
 - Level 1.7 Stealth
 + Level 11.6 Unarmed Combat


You had 10 spell levels left.
You didn't know any spells.

Dungeon Overview and Level Annotations

Branches:
Dungeon (11/15)            Temple (1/1) D:4            Lair (0/6) D:8
    Orc (0/2) D:9

Altars:
Ashenzari
Cheibriados
Dithmenos
Elyvilon
Fedhas
Gozag
Hepliaklqana
Kikubaaqudgha
Makhleb
Nemelex Xobeh
Okawaru
Qazlal
Ru
Sif Muna
Trog
Uskayaw
Vehumet
Wu Jian
Xom
Yredelemnul
Zin
The Shining One

Shops:
D:4 *   D:5 %


Innate Abilities, Weirdness & Mutations

You can breathe wild blasts of lightning.
Your glossy black scales are hard. (AC +7)
You cannot fit into any form of body armour.
You are resistant to electric shocks. (rElec)
You are cold-blooded and may be slowed by cold attacks.
You have a pair of small horns on your head.
You have sharp toenails.
Scrolls take you longer to read.
Your mind is very acute. (Int +4)
Your flesh is cold resistant. (rC+)
You occasionally shout uncontrollably at your foes.
You are weak. (Str -2)
You expend magic power (3 MP) to strengthen your wands.


Message History

You claw the two-headed ogre, but do no damage.
The two-headed ogre is severely wounded.
You barely miss the two-headed ogre.
You claw the two-headed ogre, but do no damage.
The two-headed ogre is severely wounded.
The two-headed ogre hits you with a giant club!!
* * * LOW HITPOINT WARNING * * *
The two-headed ogre hits you with a giant spiked club!
* * * LOW HITPOINT WARNING * * *
You take 28 damage, and have 13/101 hp.
MASSIVE DAMAGE!!
You closely miss the two-headed ogre.
You headbutt the two-headed ogre, but do no damage.
You tail-slap the two-headed ogre.
The two-headed ogre is almost dead.
You are feeling very hungry.
You hit the two-headed ogre but do no damage.
You headbutt the two-headed ogre. You tail-slap the two-headed ogre.
The two-headed ogre is almost dead.
The two-headed ogre hits you with a giant club!!
You die...

#...# .#### ###.###
......###...###.
#...........#
####.###..... ..
######.......## #..
###..............
#..
###.O.#########...#
#.## #..@### ..#
#..###.### #.....#
#....## ##..##..#
##..# ##.# . ##..#
#.# .<. #[.## #.#
#####..# #.(.#
###.###.....#


You could see a two-headed ogre.

Vanquished Creatures
  The ghost of namelastname112 the Grappler, a novice DrMo of Wu Jian (D:8)
  Nergalle (D:10)
  Pikel (D:7)
  Joseph (D:7)
  The ghost of Monsterracer the Gusty, a novice TeAE of Vehumet (D:4)
  2 hippogriffs (D:10)
  4 yaks (D:10)
  3 wargs (D:8)
  An acid dragon (D:11)
  A soldier ant (D:10)
  Duvessa (D:5)
  An orc warrior (D:7)
  3 ice beasts
  2 slaves
  3 necrophages
  A phantom (D:7)
  3 ogres
  6 sky beasts
  2 centaurs (D:8)
  A big kobold (D:8)
  7 bullfrogs
  Dowan (D:5)
  5 scorpions
  6 wights
  7 crimson imps
  A bullfrog zombie (D:5)
  A centaur zombie (D:10)
  A jelly (D:7)
  2 bullfrog skeletons
  7 hounds
  2 orc priests (D:8)
  3 iguanas
  12 orc wizards
  3 hell rats (D:7)
  Terence (D:2)
  3 worker ants
  A hound zombie (D:7)
  A hound skeleton (D:10)
  5 adders
  6 river rats (D:7)
  4 shadow imps
  An ooze (D:2)
  2 adder skeletons
  An adder zombie (D:6)
  A worm (D:2)
  2 dart slugs
  4 leopard geckos
  24 orcs
  2 ball pythons
  2 giant cockroaches (D:3)
  3 hobgoblins
  6 jackals
  11 quokkas
  7 bats
  6 frilled lizards
  7 goblins
  9 kobolds
  A quokka zombie (D:7)
  22 rats
229 creatures vanquished.

Vanquished Creatures (others)
  A plant (D:8)
1 creature vanquished.

Grand Total: 230 creatures vanquished

Notes
Turn   | Place    | Note
-------+----------+-------------------------------------------
     0 | D:1      | namelastname112 the Draconian Monk began the quest for the Orb.
     0 | D:1      | Reached XP level 1. HP: 19/19 MP: 1/1
   212 | D:1      | Reached XP level 2. HP: 13/26 MP: 2/2
   799 | D:2      | Reached skill level 4 in Unarmed Combat
   860 | D:2      | Noticed Terence
   883 | D:2      | Killed Terence
   883 | D:2      | Reached XP level 3. HP: 13/31 MP: 3/3
  1659 | D:2      | Reached XP level 4. HP: 34/38 MP: 4/4
  1909 | D:2      | Reached skill level 5 in Unarmed Combat
  2570 | D:3      | Found an ancient bone altar of Kikubaaqudgha.
  3080 | D:4      | Found a staircase to the Ecumenical Temple.
  3089 | Temple   | Entered the Ecumenical Temple
  3215 | D:4      | Reached XP level 5. HP: 32/45 MP: 5/5
  3217 | D:4      | Noticed Monsterracer's ghost (novice TeAE)
  3230 | D:4      | Killed Monsterracer's ghost
  3230 | D:4      | Reached skill level 7 in Unarmed Combat
  3230 | D:4      | Reached XP level 6. HP: 39/51 MP: 6/6
  3698 | D:4      | Found Leps's General Store.
  3718 | D:4      | Bought a scroll of teleportation for 33 gold pieces
  3718 | D:4      | Bought the +2 pair of gloves "Wacib" {Regen+ Int+3 Dex-4} for 213 gold pieces
  3804 | D:5      | Entered Level 5 of the Dungeon
  3804 | D:5      | Noticed Duvessa
  3804 | D:5      | Noticed Dowan
  3814 | D:5      | Killed Duvessa
  3814 | D:5      | Your scales start taking on a glossy black colour.
  3814 | D:5      | Reached XP level 7. HP: 58/58 MP: 7/7
  3814 | D:5      | Gained mutation: You are resistant to electric shocks. (rElec) [Black Draconian growth]
  3820 | D:5      | Killed Dowan
  4075 | D:5      | Found a hide-covered altar of Uskayaw.
  4093 | D:5      | Reached skill level 8 in Unarmed Combat
  4315 | D:5      | Found Wudeuheub's Food Shop.
  4476 | D:5      | Reached skill level 5 in Fighting
  4803 | D:5      | Reached XP level 8. HP: 63/68 MP: 8/8
  4832 | D:5      | Gained mutation: Your mind is acute. (Int +2) [mutagenic meat]
  4833 | D:5      | Lost mutation: Your mind is acute. (Int +2) [mutagenic meat]
  4834 | D:5      | Gained mutation: You are robust. (+10% HP) [mutagenic meat]
  4835 | D:5      | Gained mutation: You expend magic power (3 MP) to strengthen your wands. [mutagenic meat]
  5042 | D:6      | Found a shimmering altar of Xom.
  5450 | D:7      | Noticed Joseph
  5462 | D:7      | Found a sparkling altar of Nemelex Xobeh.
  5532 | D:7      | Found an ornate altar of the Wu Jian Council.
  5548 | D:7      | Became a worshipper of the Wu Jian Council
  5548 | D:7      | Reached * piety under Wu Jian
  5548 | D:7      | Reached ** piety under Wu Jian
  5555 | D:7      | Noticed Pikel
  5704 | D:7      | Reached skill level 5 in Dodging
  5704 | D:7      | Reached skill level 9 in Unarmed Combat
  5763 | D:8      | Noticed namelastname112's ghost (novice DrMo)
  5824 | D:7      | Found a white marble altar of Elyvilon.
  6225 | D:7      | Killed Pikel
  6225 | D:7      | Reached XP level 9. HP: 62/86 MP: 9/9
  6302 | D:7      | Found a shimmering altar of Xom.
  6302 | D:7      | Found a radiant altar of Vehumet.
  6302 | D:7      | Found a snail-covered altar of Cheibriados.
  6302 | D:7      | Found a deep blue altar of Sif Muna.
  6452 | D:7      | Killed Joseph
  6582 | D:7      | Reached skill level 10 in Unarmed Combat
  6732 | D:7      | Reached *** piety under Wu Jian
  6980 | D:8      | Got a brightly glowing lead ring
  6991 | D:8      | Identified the ring "Tojavyuxt" {Wiz rC+ Stlth+} (You found it on level 8 of the Dungeon)
  7062 | D:8      | Found a burning altar of Makhleb.
  7083 | D:8      | Found a staircase to the Lair.
  7108 | D:8      | Killed namelastname112's ghost
  7108 | D:8      | Reached XP level 10. HP: 99/99 MP: 10/10
  7270 | D:8      | Gained mutation: Your tail ends in a poisonous barb. [mutagenic meat]
  7271 | D:8      | Gained mutation: You have large cloven feet. [mutagenic meat]
  7331 | D:8      | Found an opulent altar of Gozag.
  7788 | D:8      | Got a jewelled whip
  7789 | D:8      | Identified the +1 whip of Dullness {slash, +Rage rC+} (You found it on level 8 of the Dungeon)
  8076 | D:9      | Got a transparent tin ring
  8078 | D:9      | Identified the ring of Untruth {rN+ Int+6 Dex+3} (You found it on level 9 of the Dungeon)
  8128 | D:9      | Found a staircase to the Orcish Mines.
  8259 | D:9      | Lost mutation: You have large cloven feet. [potion of mutation]
  8259 | D:9      | Lost mutation: You are robust. (+10% HP) [potion of mutation]
  8259 | D:9      | Lost mutation: Your tail ends in a poisonous barb. [potion of mutation]
  8259 | D:9      | Gained mutation: Scrolls take you a little longer to read. [potion of mutation]
  8259 | D:9      | Gained mutation: Your mind is acute. (Int +2) [potion of mutation]
  8259 | D:9      | Gained mutation: You have a pair of small horns on your head. [potion of mutation]
  8264 | D:9      | Found a stormy altar of Qazlal.
  8370 | D:9      | Reached **** piety under Wu Jian
  8448 | D:9      | Reached skill level 11 in Unarmed Combat
  8723 | D:9      | Gained mutation: Scrolls take you longer to read. [mutagenic meat]
  8724 | D:9      | Gained mutation: You are weak. (Str -2) [mutagenic meat]
  8725 | D:9      | Gained mutation: You have sharp toenails. [mutagenic meat]
  8829 | D:10     | Entered Level 10 of the Dungeon
  8836 | D:10     | Gained mutation: Your mind is very acute. (Int +4) [mutagenic meat]
  8838 | D:10     | Gained mutation: Your flesh is cold resistant. (rC+) [mutagenic meat]
  8839 | D:10     | Gained mutation: You occasionally shout uncontrollably at your foes. [mutagenic meat]
  9019 | D:10     | Reached skill level 10 in Fighting
  9320 | D:10     | Noticed Nergalle
  9334 | D:10     | Killed Nergalle
  9334 | D:10     | Reached XP level 11. HP: 80/101 MP: 11/11
  9669 | D:11     | Noticed a two-headed ogre
  9691 | D:11     | Mangled by a two-headed ogre

Vault maps used:
D:1:      dpeg_arrival_pits
D:2:      kennysheep_big_flooded_room, first_bread,
          minmay_randomly_rotated_circles, uniq_terence
D:3:      nicolae_overflow_hidden_temple
D:4:      temple_green, serial_shops, shop, kennysheep_cross_room,
          columned_hall_lemuel, st_stairs_5
D:5:      lemuel_round_altar, serial_shops, shop_statue, grunt_ministairs_8,
          uniq_duvessa
D:6:      basic_altar
D:7:      lemuel_ratsnest, lemuel_crystal_altar, elyvilon_altar_5,
          grunt_temple_overflow_cloverleaf, basic_altar,
          minmay_stone_trees_small, kennysheep_generic_room_11, uniq_pikel,
          uniq_joseph
D:8:      bloody_makhleb, nicolae_gozag_seed_capital, erik_lair_orcish_takeover
D:9:      minmay_weird_star, grunt_qazlal_clouds, orc_0_dummy, nicolae_sextant
D:10:     uniq_nergalle
D:11:     uniq_fannar
Temple:   chequers_temple_sunken

Skill      XL: |  1  2  3  4  5  6  7  8  9 10 |
---------------+-------------------------------+-----
Unarmed Combat | 4 5 7 8 9 10 11 | 11.6
Dodging        | 3 4 5 7 8 |  8.8
Fighting       | 5 7 8 10 | 10.3
Stealth        | |  1.7

Action                   |  1- 3 |  4- 6 |  7- 9 | 10-12 || total
-------------------------+-------+-------+-------+-------++-------
Melee: Unarmed           |   133 |   122 |   396 |   300 ||   951
       Tailslap          |    10 |    15 |    35 |    36 ||    96
       Punch             |     3 |     4 |    13 |    11 ||    31
       Kick              |       |       |       |    59 ||    59
       Headbutt          |       |       |       |    32 ||    32
 Abil: Evoke Berserk Rag |     2 |     2 |     4 |       ||     8
       Breathe Lightning |       |       |     6 |     4 ||    10
Evoke: Wand              |       |       |       |     6 ||     6
  Use: Scroll            |       |       |    17 |     8 ||    25
       Potion            |       |       |     1 |     1 ||     2
 Stab: Sleeping          |     3 |     2 |     2 |     8 ||    15
       Distracted        |       |       |       |     1 ||     1
  Eat: Chunk             |     2 |     6 |    10 |    19 ||    37
       Bread ration      |       |     1 |       |       ||     1
       Meat ration       |       |       |     2 |       ||     2
Armor: Skin              |    57 |    28 |    97 |    67 ||   249
Dodge: Dodged            |   103 |    77 |   259 |   175 ||   614
